 Dungeon Crawl Stone Soup version 0.29.1-15-g9cfb28693d (webtiles) character file.

Game seed: 373266811829070881

46 redmage the Digger (level 4, -21/33 HPs)
             Began as a Meteoran Earth Elementalist on Sept 15, 2023.
             Was a Follower of Okawaru.
             Demolished by Duvessa
             ... wielding a +3 rapier of holy wrath
              (22 damage)
             ... on level 4 of the Dungeon.
             The game lasted 00:06:57 (475 turns).

redmage the Digger (Meteoran Earth Elementalist)     Turns: 475, Time: 00:06:59

Health: -21/33     AC:  2    Str: 10    XL:     4   Next: 13%
Magic:  10/10      EV: 12    Int: 18    God:    Okawaru [*.....]
Gold:   47         SH:  0    Dex: 14    Spells: 2/9 levels left

rFire   . . .      SeeInvis .   (no weapon)
rCold   . . .      Faith    .   (no shield)
rNeg    . . .      Spirit   .   a - +0 robe
rPois   .          Reflect  .   (no helmet)
rElec   .          Harm     .   (no cloak)
rCorr   .          Rampage  .   (no gloves)
Will    .....                   (no boots)
Stlth   +.........              (no amulet)
HPRegen 0.11/turn               (no ring)
MPRegen 0.12/turn               (no ring)

@: glowing
A: sense surroundings 1, otherworldly, glowing, explore regen
a: Renounce Religion, Heroism


You were on level 4 of the Dungeon.
You worshipped Okawaru.
Okawaru was aware of your devotion.
You visited 1 branch of the dungeon, and saw 4 of its levels.

You collected 47 gold pieces.

Inventory:

Missiles
 g - 4 boomerangs of dispersal
 k - 4 datura-tipped darts (quivered)
Armour
 a - a +0 robe (worn)
Jewellery
 h - a ring of protection from cold
Scrolls
 f - a scroll of enchant armour
Potions
 b - a potion of magic
 c - a potion of heal wounds {unknown}
 e - a potion of ambrosia {unknown}
 i - a potion of attraction {unknown}
 j - a potion of curing {unknown}


   Skills:
 - Level 2.4 Dodging
 - Level 1.4 Stealth
 + Level 3.4 Spellcasting
 + Level 1.0 Conjurations
 - Level 1.2 Transmutations
 + Level 4.8 Earth Magic


You had 2 spell levels left.
You knew the following spells:

 Your Spells              Type           Power      Damage    Failure   Level
a - Sandblast             Erth           40%        2d10      2%          1
b - Passwall              Tmut/Erth      11%        N/A       7%          2
c - Stone Arrow           Conj/Erth      26%        3d8       14%         3
q - Apportation           Tloc           6%         N/A       16%         1

Your spell library contained the following spells:

 Spells                   Type           Power      Damage    Failure   Level
 Petrify                  Tmut/Erth      14%        N/A       41%         4
 Alistair's Intoxication  Tmut/Pois      3%         N/A       98%         5
 Lehudib's Crystal Spear  Conj/Erth      6%         10d3      100%        8
 Animate Armour           Summ/Erth      Unusable   N/A       N/A         4

Dungeon Overview and Level Annotations

Branches:
Dungeon (4/15) Zot: 1905
 Temple: D:4-7

Altars:
Okawaru

Annotations:
D:2 Terence
D:4 Dowan, Duvessa


Innate Abilities, Weirdness & Mutations

You passively map a small area around you.
You are easily found by Zot.
You glow in the dark.
You regain HP and MP as you explore.


Message History

Duvessa, Dowan and a ball python come into view.
Duvessa is wielding a +3 rapier of holy wrath.
Duvessa shouts!
Dowan shouts!
Okay, then.
Throw: 5 darts (datura)
Press: ? - help, Q - select action, (/) - cycle Shift-Dir - straight line, f - Duvessa
Aim: Duvessa, wielding a +3 rapier of holy wrath and wearing a +0 ring mail (65% to hit, chance to frenzy on hit: 51%)
You throw a datura-tipped dart. The datura-tipped dart hits Duvessa.
Duvessa flies into a frenzy!
Duvessa closely misses the ball python.
The ball python bites Duvessa but does no damage.
The ball python grabs Duvessa.
The ball python constricts Duvessa.
Duvessa barely misses the ball python.
Duvessa completely misses the ball python.
The ball python bites Duvessa but does no damage.
The ball python constricts Duvessa.
Duvessa hits the ball python with a +3 rapier of holy wrath!
The ball python dies!
Okawaru accepts your kill.
Duvessa shouts!
Duvessa shouts!
Dowan gestures wildly while chanting.
Dowan blinks!
Duvessa shouts!
Casting: Sandblast (safe; 2% risk of failure)
Confirm with . or Enter, or press ? or * to list all spells.
Okay, then.
Unknown command.
Okay, then.
As you read the scroll labelled CEIWIU KEFUO, it crumbles to dust.
It is a scroll of identify.
f - a scroll of enchant armour Duvessa hits you with a +3 rapier of holy wrath!
Duvessa attacks as you move away!
Duvessa hits you with a +3 rapier of holy wrath!!
Ouch! That really hurt!
* * * LOW HITPOINT WARNING * * *
Duvessa hits you with a +3 rapier of holy wrath!!
Ouch! That really hurt!
You die...

#.......#.......#
#.......#########
#.......# ,
#.......# , ,
#.......# ,
########.......#
,
#..............#,
,
#..........†...#
,,,*,
#.)....@.......#
#......e.......#,
,
#..............+
,
#...........)..#,
,*
#..............#,
, *
#..............#
,
#..............#
, ,
######.......###
, #.......# ,,, ,


You could see the neutral Duvessa (fast, strong, insane).

Vanquished Creatures
  An adder (D:3)
  2 worms
  A dart slug (D:1)
  An orc (D:4)
  An endoplasm (D:2)
  3 goblins
  2 hobgoblins (D:1)
  3 quokkas (D:1)
  2 ball pythons
  3 bats (D:1)
  2 frilled lizards
  4 kobolds
  A rat (D:2)
26 creatures vanquished.

Vanquished Creatures (collateral kills)
  A ball python (D:4)
1 creature vanquished.

Vanquished Creatures (others)
  4 plants (D:3)
4 creatures vanquished.

Grand Total: 31 creatures vanquished

Notes
Turn   | Place    | Note
-------+----------+-------------------------------------------
     0 | D:1      | redmage the Meteoran Earth Elementalist began the quest for
                  | the Orb.
     0 | D:1      | Reached XP level 1. HP: 14/14 MP: 5/5
    96 | D:1      | Reached skill level 4 in Earth Magic
   104 | D:1      | Reached XP level 2. HP: 20/20 MP: 4/6
   132 | D:1      | Found a faded altar of an unknown god.
   146 | D:1      | Prayed at the altar of an unknown god.
   146 | D:1      | Became a worshipper of Warmaster Okawaru
   146 | D:1      | Reached * piety under Okawaru
   190 | D:1      | Learned a level 2 spell: Passwall
   209 | D:1      | Reached XP level 3. HP: 26/26 MP: 5/8
   213 | D:1      | Learned a level 3 spell: Stone Arrow
   267 | D:2      | Noticed Terence
   317 | D:3      | Learned a level 1 spell: Apportation
   395 | D:2      | Reached XP level 4. HP: 33/33 MP: 8/10
   432 | D:4      | Reached skill level 1 in Conjurations
   463 | D:4      | Noticed Duvessa
   463 | D:4      | Noticed Dowan
   475 | D:4      | HP: 1/33 [Duvessa/+3 rapier of holy wrath (21)]
   475 | D:4      | Demolished by Duvessa

Illustrated notes

Levels and vault maps discovered:
D:1:      onia_arrival_mini_maze_b, layout_basic, serial_aquarium,
          aquarium_bridge_square [aquarium_subvault_balcony,
          aquarium_subvault_wall, aquarium_subvault_bridge,
          aquarium_subvault_wall], aquarium_bridge_square
          [aquarium_subvault_bridge, aquarium_subvault_bridge,
          aquarium_subvault_bridge, aquarium_subvault_bridge],
          aquarium_window_fake, aquarium_window_1, aquarium_window_2,
          aquarium_view_2d, aquarium_pool_side, ebering_ecumenical_altar_webs,
          serial_shops, nicolae_square_shop, grunt_decor_fettered
D:2:      layout_rooms, serial_shops, shop, ebering_dispersal_statue_hall,
          uniq_terence
D:3:      layout_loops_corners, bloody_makhleb, mainiacjoe_overflow_chevrons,
          serial_bayou_pond_c, uniq_jessica
D:4:      layout_gridville, nicolae_overflow_squiral, uniq_duvessa

Skill      XL: |  1  2  3  4 |
---------------+-------------+-----
Earth Magic    | 4 |  4.8
Spellcasting   | 3 |  3.4
Conjurations   | 1 |  1.0
Dodging        | |  2.4
Stealth        | |  1.4
Transmutations | |  1.2

Action                   |  1- 3 |  4- 6 || total
-------------------------+-------+-------++-------
Throw: Dart              |       |     1 ||     1
 Cast: Sandblast         |    34 |     3 ||    37
       Passwall          |     3 |       ||     3
  Use: Scroll            |       |     1 ||     1
Armor: Robe              |     6 |     2 ||     8
Dodge: Dodged            |     8 |     2 ||    10
